[Event "Late-Titled-Tuesday-Blitz-September-26-2023"]
[Site "Chess.com"]
[Date "2023.09.26"]
[Round "3"]
[White "YEIKO2017"]
[Black "Berardino"]
[Result "1-0"]
[WhiteElo "2468"]
[BlackElo "2624"]
[TimeControl "180+1"]
[EndTime "14:26:10 PDT"]
[Termination "YEIKO2017 won by resignation"]

1. e4 Nf6 2. e5 Nd5 3. Nc3 Nxc3 4. dxc3 d6 5. Nf3 g6 6. Bc4 Bg7 7. Ng5 O-O 8. e6 f5 9. h4 c6 10.
h5 d5 11. hxg6 hxg6 12. Qf3 dxc4 13. Bf4 Qd5 14. Qh3 Rf6 15. Rd1 Rxe6+ 16. Be3 f4 17.
Qh7+ Kf8 18. Rxd5 cxd5 19. Nxe6+ Bxe6 20. Bd4 Bxd4 21. cxd4 Ke8 22. Qxg6+ Kd7 23. Rh6 1-0

[Event "Late-Titled-Tuesday-Blitz-September-26-2023"]
[Site "Chess.com"]
[Date "2023.09.26"]
[Round "3"]
[White "Zampronha1971"]
[Black "ValeriyGrinev"]
[Result "0-1"]
[WhiteElo "2272"]
[BlackElo "2548"]
[TimeControl "180+1"]
[EndTime "14:26:10 PDT"]
[Termination "ValeriyGrinev won on time"]

1. e4 c5 2. Nf3 e6 3. d4 cxd4 4. Nxd4 a6 5. Nc3 Qc7 6. Be3 Bb4 7. Bd3 Nf6 8. O-O Nc6 9. Nxc6 dxc6 10. f4 e5 11.
fxe5 Ng4 12. Qf3 Nxe3 13. Qxe3 Qxe5 14. Qf4 Qxf4 15. Rxf4 Bxc3 16. bxc3 Be6 17. a4 O-O-O 18. a5 Kc7 19. Kf2 f6 20. h4 h6 21. Kg3 Rhe8 22.
Ra4 Bc8 23. Rf1 Re5 24. Rfa1 Rc5 25. R1a3 Re8 26. Rd4 Ree5 27. Rda4 h5 28. Kf4 g5+ 29. Kg3 Bg4 30. hxg5 fxg5 31. Kf2 h4 32. Ke3 Bc8 33.
Kf2 g4 34. Ke3 h3 35. Kf2 g3+ 36. Kf3 h2 37. Ra1 Rh5 38. Rh1 Rhg5 39. Raa1 Rxc3 40. e5 Rc5 41. Rae1 Rxa5 42. e6 Kd8 43. e7+ Ke8 44. Bc4 Raf5+ 45. Ke3 Re5+ 46. Kd2 Kxe7 0-1

[Event "Late-Titled-Tuesday-Blitz-September-26-2023"]
[Site "Chess.com"]
[Date "2023.09.26"]
[Round "3"]
[White "Eloist"]
[Black "sergoy"]
[Result "0-1"]
[WhiteElo "2498"]
[BlackElo "2945"]
[TimeControl "180+1"]
[EndTime "14:26:13 PDT"]
[Termination "sergoy won on time"]

1. e4 c5 2. Nf3 d6 3. Bb5+ Nd7 4.
O-O a6 5. Bd3 Ngf6 6. Re1 e6 7.
c3 b5 8. a4 c4 9. Bc2 Bb7 10.
axb5 axb5 11. Rxa8 Qxa8 12. Na3 Bxe4 13. Nxb5 Qb7 14.
Bxe4 Nxe4 15. Qa4 d5 16. Qa5 Bc5 17. Nc7+ Ke7 18. Nd4 Qb6 19. Qxb6 Bxb6 20. Nxd5+ exd5 21. f3 Bxd4+ 22. cxd4 f5 23. fxe4 fxe4 24. Rf1 Ra8 25. Kf2 Ke6 26. Ke2 Ra1 27. Kd1 Nb8 28. Kc2 Nc6 29. Kc3 Na5 30. b4 cxb3 31. Re1 h5 32. d3 Kf5 33. dxe4+ dxe4 34. Bd2 Ra2 35. Rf1+ Ke6 0-1

[Event "Late-Titled-Tuesday-Blitz-September-26-2023"]
[Site "Chess.com"]
[Date "2023.09.26"]
[Round "3"]
[White "melissa_guez"]
[Black "reevecanada"]
[Result "0-1"]
[WhiteElo "2146"]
[BlackElo "2512"]
[TimeControl "180+1"]
[EndTime "14:26:14 PDT"]
[Termination "reevecanada won by resignation"]

1. e4 c5 2. Nf3 d6 3. d4 cxd4 4. Nxd4 Nf6 5. Nc3 a6 6. Be2 e5 7. Nb3 Be6 8. O-O Be7 9. Re1 O-O 10. Bf3 Nc6 11. Nd5 Nd7 12. c3 Bxd5 13. Qxd5 Nc5 14. Be3 Ne6 15. Rad1 Nf4 16. Qd2 Ne6 17. Bg4 Qc7 18. Qd5 Nf4 19. Qd2 Ne6 20. Qd5 Ncd8 21. g3 Qc6 22. f4 Nc7 23. Qd3 Nde6 24. h4 exf4 25. gxf4 Bxh4 26. Rf1 Nc5 27. Nxc5 dxc5 28. Bd7 Qg6+ 29. Kh1 Rfd8 30. Qe2 Qxe4+ 31. Kh2 Nd5 32. Bg4 Nxe3 0-1

[Event "Late-Titled-Tuesday-Blitz-September-26-2023"]
[Site "Chess.com"]
[Date "2023.09.26"]
[Round "3"]
[White "Byniolus"]
[Black "0gZPanda"]
[Result "1-0"]
[WhiteElo "2791"]
[BlackElo "3040"]
[TimeControl "180+1"]
[EndTime "14:26:22 PDT"]
[Termination "Byniolus won by resignation"]

1. d4 Nf6 2. Nf3 d5 3. Bf4 c5 4.
c3 Nc6 5. Nbd2 Bf5 6. e3 e6 7. Qb3 Qc8 8. Nh4 Bg4 9. h3 Bh5 10. g4 Bg6 11. Nxg6 hxg6 12. Bg2 Be7 13. O-O Qd7 14. dxc5 Bxc5 15. c4 d4 16. Rad1 O-O 17. Nf3 Rad8 18. exd4 Bxd4 19. Be3 e5 20. Nxe5 Nxe5 21.
Rxd4 Qe6 22. c5 Nc6 23. Qxe6 fxe6 24. Rd6 Rxd6 25. cxd6 Rd8 26. Rd1 Rd7 27. f4 Kf7 28.
a3 a6 29. b4 Ne8 30. Bc5 Nc7 31. Bxc6 bxc6 32. dxc7 1-0

[Event "Late-Titled-Tuesday-Blitz-September-26-2023"]
[Site "Chess.com"]
[Date "2023.09.26"]
[Round "3"]
[White "Mikhail_Bryakin"]
[Black "IamSchrodingersCat"]
[Result "1-0"]
[WhiteElo "2848"]
[BlackElo "2526"]
[TimeControl "180+1"]
[EndTime "14:26:23 PDT"]
[Termination "Mikhail_Bryakin won by checkmate"]

1. Nf3 Nf6 2. e3 g6 3. b3 Bg7 4. Bb2 O-O 5. Be2 d6 6. O-O e5 7.
c4 Nbd7 8. Nc3 Re8 9. d3 a5 10. a3 Nc5 11. b4 axb4 12. axb4 Rxa1 13. Qxa1 Ne6 14. Nd5 c6 15. Nxf6+ Bxf6 16. d4 exd4 17.
Nxd4 Nxd4 18. Bxd4 Be5 19. Rd1 Qf6 20. Bxe5 dxe5 21. Qa5 Qg5 22. Kf1 h5 23. h3 Qh4 24.
Qc7 Be6 25. Qxb7 Bxc4 26. Qxc6 Bxe2+ 27. Kxe2 Rb8 28. Rb1 Rd8 29. Qc2 e4 30. b5 Qg5 31.
Kf1 Qd5 32. b6 Rb8 33. b7 Kh7 34. Qb3 Qf5 35. Kg1 g5 36. Rc1 g4 37. Rc7 Kg6 38. Qb6+ f6 39. Qb3 gxh3 40. Qf7+ Kg5 41. Qg7+ Kh4 42.
Qg3# 1-0

[Event "Late-Titled-Tuesday-Blitz-September-26-2023"]
[Site "Chess.com"]
[Date "2023.09.26"]
[Round "3"]
[White "HackWithBlack"]
[Black "as9killer2"]
[Result "0-1"]
[WhiteElo "2371"]
[BlackElo "2588"]
[TimeControl "180+1"]
[EndTime "14:26:23 PDT"]
[Termination "as9killer2 won by resignation"]

1. c4 d6 2. g3 g6 3. Nc3 Bg7 4. Bg2 e5 5. e4 Ne7 6. Nge2 h5 7. h4 Nbc6 8. d3 Bg4 9. f3 Be6 10.
Nd5 Nd4 11. Nxd4 exd4 12. Bg5 Bxd5 13. cxd5 f6 14. Bd2 c5 15. Qb3 Rb8 16. Qa4+ Kf7 17. Bh3 a6 18. Be6+ Kf8 19. f4 Bh6 20. e5 fxe5 21.
fxe5 Bxd2+ 22. Kxd2 Kg7 23. Raf1 dxe5 24. Rf7+ Kh6 25. Rhf1 Nxd5 26. Rd7 Nb6 27. Rxd8 Nxa4 28. Rxb8 Rxb8 29. Rf7 Nxb2 30. Bb3 b5 31. Kc2 Nxd3 32. Kxd3 c4+ 33. Bxc4 bxc4+ 34. Kxc4 Rc8+ 35. Kd3 Rc3+ 36. Ke4 Re3+ 37. Kd5 d3 38. Rf1 Re2 39. Rd1 e4 40. a4 d2 41. Kd4 e3 0-1

[Event "Late-Titled-Tuesday-Blitz-September-26-2023"]
[Site "Chess.com"]
[Date "2023.09.26"]
[Round "3"]
[White "ExchangeAB"]
[Black "Mbneu"]
[Result "0-1"]
[WhiteElo "2407"]
[BlackElo "2259"]
[TimeControl "180+1"]
[EndTime "14:26:26 PDT"]
[Termination "Mbneu won by resignation"]

1. d4 Nf6 2. Nc3 c5 3. d5 d6 4. e4 g6 5. f4 Bg7 6. Bb5+ Bd7 7. e5 Ng8 8. Nf3 Bxb5 9. Nxb5 a6 10. Nc3 b5 11. e6 Nh6 12. f5 O-O 13. Bxh6 Bxh6 14.
exf7+ Rxf7 15. fxg6 hxg6 16. Qd3 Kg7 17. O-O Nd7 18.
Ne4 Qh8 19. Neg5 Bxg5 20. Nxg5 Ne5 21. Rxf7+ Nxf7 22. Ne6+ Kh7 23. Rf1 Ne5 24. Qh3+ Kg8 25. Qg3 Qh6 26. h3 a5 27. Qf2 a4 28. Qg3 b4 29. Rf4 a3 30. b3 Rc8 31. Rh4 Qc1+ 32.
Kh2 Qxc2 33. Qg5 Nf3+ 0-1

[Event "Late-Titled-Tuesday-Blitz-September-26-2023"]
[Site "Chess.com"]
[Date "2023.09.26"]
[Round "3"]
[White "DeArron_Fox"]
[Black "Iball95"]
[Result "0-1"]
[WhiteElo "2476"]
[BlackElo "2758"]
[TimeControl "180+1"]
[EndTime "14:26:27 PDT"]
[Termination "Iball95 won on time"]

1. d4 d5 2. c4 e6 3. Nc3 c5 4. cxd5 cxd4 5. Qxd4 Nc6 6. Qd1 exd5 7. e3 Nf6 8. Nf3 Bb4 9. Bd2 O-O 10. Be2 Be6 11.
O-O a6 12. Rc1 Rc8 13. a3 Bd6 14. h3 Ne4 15. Be1 Qe7 16. Nxd5 Qd7 17. Nc3 Nf6 18. Nd4 Nxd4 19. Qxd4 Rfd8 20. Bf3 Bxh3 21. Qh4 Be6 22. Bd2 Bxa3 23. bxa3 Qxd2 24. Ne4 Nxe4 25. Rxc8 Rxc8 26. Bxe4 g6 27. Bf3 b5 28. Rd1 Qc3 29. Kh2 Kg7 30. Qf4 Rc4 31. Rd4 Rc5 32. g4 Qxa3 33. Kg2 Qa5 34. g5 Rf5 35. Qb8 Rxg5+ 36.
Kh2 Qe1 0-1

[Event "Late-Titled-Tuesday-Blitz-September-26-2023"]
[Site "Chess.com"]
[Date "2023.09.26"]
[Round "3"]
[White "GoltsevDmitry2000"]
[Black "RIPOL"]
[Result "1-0"]
[WhiteElo "2603"]
[BlackElo "2410"]
[TimeControl "180+1"]
[EndTime "14:26:29 PDT"]
[Termination "GoltsevDmitry2000 won by resignation"]

1. e4 Nf6 2. e5 Nd5 3. Nc3 Nxc3 4. bxc3 d6 5. exd6 cxd6 6. d4 Qc7 7. Bd2 g6 8. Nf3 Bg7 9. Bd3 O-O 10. h4 Bg4 11. Qc1 Bxf3 12. gxf3 e5 13. d5 Nd7 14. Rb1 Nb6 15. Qb2 Rac8 16. h5 e4 17. fxe4 Nc4 18. Qxb7 Nxd2 19. Qxc7 Rxc7 20. Kxd2 Bxc3+ 21. Ke2 Be5 22. Ke3 g5 23. Rb5 f6 24. Rhb1 Kg7 25. c4 Bf4+ 26. Kf3 Rff7 27. Rb8 Rf8 28. Rxf8 Kxf8 29. h6 Kf7 30. Rb8 Kg6 31. e5+ Kxh6 32. e6 Kg7 33.
Rd8 Re7 34. Bf5 h5 35. c5 dxc5 36. d6 Bxd6 37. Rxd6 1-0

[Event "Late-Titled-Tuesday-Blitz-September-26-2023"]
[Site "Chess.com"]
[Date "2023.09.26"]
[Round "3"]
[White "Verony64"]
[Black "brm72"]
[Result "0-1"]
[WhiteElo "2284"]
[BlackElo "2493"]
[TimeControl "180+1"]
[EndTime "14:26:30 PDT"]
[Termination "brm72 won by resignation"]

1. e4 c6 2. Nc3 d5 3. d3 e5 4.
g3 Nf6 5. Bg2 Be6 6. h3 Bd6 7.
f4 d4 8. Nce2 c5 9. f5 Bd7 10.
Nf3 Nc6 11. g4 Qc7 12. Ng3 O-O-O 13. O-O Ng8 14. Bg5 f6 15. Bd2 Nge7 16. c4 Be8 17. a3 h5 18. g5 h4 19. Ne2 Bh5 20. b4 Rdf8 21. Qe1 g6 22. b5 Nd8 23. gxf6 Rxf6 24. Bg5 Rf7 25. Nxh4 gxf5 26. exf5 Rg8 27. Bxe7 Qxe7 28.
Kh1 Bxe2 29. f6 Rxf6 30. Qxe2 Rxf1+ 31. Rxf1 Qxh4 32. Qf3 Rf8 33. Qd5 Rxf1+ 34. Bxf1 Kc7 35. Bg2 Qe1+ 36. Kh2 e4+ 0-1

[Event "Late-Titled-Tuesday-Blitz-September-26-2023"]
[Site "Chess.com"]
[Date "2023.09.26"]
[Round "3"]
[White "DanielNaroditsky"]
[Black "Zaro1309"]
[Result "1-0"]
[WhiteElo "3132"]
[BlackElo "2325"]
[TimeControl "180+1"]
[EndTime "14:26:31 PDT"]
[Termination "DanielNaroditsky won on time"]

1. e4 e6 2. d4 d5 3. Nd2 Nf6 4. e5 Nfd7 5. Bd3 c5 6. c3 Nc6 7. Ngf3 cxd4 8. cxd4 f6 9. exf6 Nxf6 10. O-O Bd6 11.
Re1 O-O 12. Nf1 Bd7 13. Ng3 Qb6 14. a3 Kh8 15. Bc2 Ne7 16. b3 Rac8 17. Bb2 Bf4 18. a4 a5 19. Qd3 Be8 20. Qd1 Bg6 21. Bxg6 Nxg6 22. Ba3 Rfe8 23. Qd3 Bxg3 24. hxg3 Ne4 25. Rac1 Kg8 26. Qe3 Qa6 27. Nd2 Rxc1 28. Rxc1 Nxd2 29. Qxd2 b5 30. Qe2 Rc8 31. Rxc8+ Qxc8 32. axb5 Nf8 33. b6 Kf7 34. Qf3+ Kg8 35. Qxf8+ 1-0

[Event "Late-Titled-Tuesday-Blitz-September-26-2023"]
[Site "Chess.com"]
[Date "2023.09.26"]
[Round "3"]
[White "AlexPapasimakopoulos"]
[Black "Fan_Of_Chucky"]
[Result "0-1"]
[WhiteElo "2706"]
[BlackElo "2490"]
[TimeControl "180+1"]
[EndTime "14:26:32 PDT"]
[Termination "Fan_Of_Chucky won by resignation"]

1. d4 Nf6 2. c4 c5 3. d5 b5 4. Nf3 b4 5. b3 g6 6. Bb2 Bg7 7. Qc2 d6 8. Nbd2 O-O 9. h3 e5 10. dxe6 fxe6 11. e3 Bb7 12. Be2 Nbd7 13. O-O Qe7 14.
Rad1 a5 15. Ng5 a4 16. Qb1 d5 17. Ngf3 Nb6 18. Rfe1 dxc4 19. Nxc4 Nxc4 20. Bxc4 Ne4 21.
Bxg7 Kxg7 22. Qb2+ Nc3 23. Nd2 Qg5 24. Bf1 Qf6 25. Nb1 Nxd1 26. Qxf6+ Kxf6 27. Rxd1 Rfd8 28. Rc1 axb3 29. axb3 Ra1 30. Be2 Be4 31. Rxc5 Rxb1+ 32. Kh2 Rd2 33. Bc4 Rxf2 34. Kg3 Rxg2+ 35. Kf4 Bf5 36.
e4 Bxh3 37. e5+ Kg7 38. Rc7+ Kh6 39. Rb7 Bf5 40. Rxb4 Rg4+ 41. Ke3 Rxc4 42. Rxc4 Rxb3+ 43. Kf2 Kg5 44. Rc1 h5 45. Rg1+ Kf4 46. Rf1 Kxe5 47. Re1+ Kf6 48. Re2 Rc3 49. Re1 Rc2+ 50. Kg3 g5 51. Ra1 h4+ 52. Kf3 g4+ 53. Kf4 Rf2+ 54. Ke3 Rf3+ 55. Ke2 h3 56. Ra8 h2 57. Rh8 Rh3 58. Rf8+ Ke5 0-1

[Event "Late-Titled-Tuesday-Blitz-September-26-2023"]
[Site "Chess.com"]
[Date "2023.09.26"]
[Round "3"]
[White "ArmanGhevondyanchess"]
[Black "JonasGallasch"]
[Result "1/2-1/2"]
[WhiteElo "2601"]
[BlackElo "2429"]
[TimeControl "180+1"]
[EndTime "14:26:33 PDT"]
[Termination "Game drawn by repetition"]

1. Nf3 Nf6 2. d4 g6 3. g3 Bg7 4. Bg2 O-O 5. O-O d5 6. b3 c5 7. Bb2 Ne4 8. Na3 Nc6 9. c4 dxc4 10. Nxc4 cxd4 11. Nxd4 Bxd4 12. Bxe4 Bxb2 13. Nxb2 Bh3 14. Qxd8 Rfxd8 15. Rfd1 Nd4 16. Bd3 Rac8 17. Rac1 Bg4 18. f3 Bf5 19. Kf2 Bxd3 20. Nxd3 Nb5 21. Rxc8 Rxc8 22. Rc1 Rxc1 23. Nxc1 Kg7 24. a4 Nd4 25. e3 Nc6 26. Ke2 Kf6 27. e4 Nb4 28. Nd3 Nxd3 29.
Kxd3 Ke5 30. f4+ Kd6 31. Kd4 Kc6 32. b4 Kd6 33. g4 h6 34. e5+ Kc6 35. h4 e6 36. Kc4 b6 37. a5 bxa5 38. bxa5 h5 39. gxh5 gxh5 40. Kb4 a6 41. Kc4 Kb7 42. Kd4 Kc6 43. Kc4 Kb7 44. Kc5 Kc7 45. Kd4 Kc6 46. Kc4 1/2-1/2

[Event "Late-Titled-Tuesday-Blitz-September-26-2023"]
[Site "Chess.com"]
[Date "2023.09.26"]
[Round "3"]
[White "YellowJacek"]
[Black "Gyulamiryan-koryun"]
[Result "0-1"]
[WhiteElo "2312"]
[BlackElo "2022"]
[TimeControl "180+1"]
[EndTime "14:26:35 PDT"]
[Termination "Gyulamiryan-koryun won by checkmate"]

1. e4 e5 2. Nf3 Nc6 3. Bb5 a6 4.
Ba4 Nf6 5. O-O Be7 6. Re1 b5 7.
Bb3 O-O 8. a4 b4 9. d3 h6 10.
Nbd2 a5 11. Nf1 d6 12. Ng3 Be6 13. Bxe6 fxe6 14. h3 Nh7 15. Be3 Ng5 16. Bxg5 Bxg5 17. Nxg5 Qxg5 18. Qg4 Qxg4 19. hxg4 Nd4 20. Rac1 Rf4 21.
f3 Raf8 22. Ne2 Nxe2+ 23. Rxe2 c5 24. c3 b3 25. Rd2 R4f7 26. Rcd1 Rc7 27. Kf2 Kf7 28. Ke3 g5 29. Rh1 Kg6 30. Rdd1 Rd8 31. Rc1 d5 32. Rhd1 d4+ 33. cxd4 Rxd4 34. Rc3 c4 35.
Rdc1 Rcd7 36. dxc4 Rd2 37. Rxb3 Rxg2 38. c5 Rdd2 39. f4 gxf4+ 40. Kf3 Rdf2# 0-1

[Event "Late-Titled-Tuesday-Blitz-September-26-2023"]
[Site "Chess.com"]
[Date "2023.09.26"]
[Round "3"]
[White "Maksimus1998"]
[Black "acertijo08"]
[Result "0-1"]
[WhiteElo "2559"]
[BlackElo "2385"]
[TimeControl "180+1"]
[EndTime "14:26:36 PDT"]
[Termination "acertijo08 won by resignation"]

1. d4 Nf6 2. Nf3 e6 3. e3 d5 4. Bd3 c5 5. c3 Nc6 6. O-O Be7 7. Nbd2 O-O 8. dxc5 Bxc5 9. b4 Be7 10. Bb2 e5 11. e4 d4 12. cxd4 Nxb4 13. Bc4 exd4 14. Nxd4 Bg4 15. Qb3 a5 16. f3 a4 17. Qe3 Bc5 18. Rfd1 Nc2 19. Nxc2 Bxe3+ 20. Nxe3 Qb6 21. Bxf7+ Rxf7 22. Nc4 Qc5 23. fxg4 Rd7 24. Bxf6 Rxd1+ 25. Rxd1 gxf6 26.
Kf2 b5 27. Rd5 Qb4 28. Nb6 Re8 29. Nd7 Kf7 30. Rf5 Qxe4 31. Rxf6+ Ke7 32. Nc5 Qxe3+ 33. Kxe3 Kxf6+ 34. Kd4 Re2 35. a3 Rxg2 36. h4 Rxg4+ 37. Kd5 Rxh4 38. Kc6 Rc4 39. Kxb5 Rxc5+ 40. Kxc5 h5 41.
Kb5 h4 42. Kxa4 h3 43. Kb5 h2 44. a4 h1=Q 45. a5 Qb7+ 46. Kc5 Ke6 0-1

[Event "Late-Titled-Tuesday-Blitz-September-26-2023"]
[Site "Chess.com"]
[Date "2023.09.26"]
[Round "3"]
[White "Zhigalko_Sergei"]
[Black "ukchessbomber"]
[Result "1-0"]
[WhiteElo "2883"]
[BlackElo "2659"]
[TimeControl "180+1"]
[EndTime "14:26:37 PDT"]
[Termination "Zhigalko_Sergei won on time"]

1. e4 a6 2. d4 b5 3. Bd3 Bb7 4. Nf3 e6 5. O-O d6 6. Re1 Nd7 7. Nbd2 Be7 8. Nf1 c5 9. c3 Ngf6 10. Ng3 O-O 11. h3 h6 12. Be3 Qc7 13. Qe2 Rfc8 14.
Rad1 Qa5 15. Bb1 cxd4 16. cxd4 d5 17. e5 Ne4 18. Nxe4 dxe4 19. Nd2 f5 20. exf6 Nxf6 21. Bf4 Bb4 22. Be5 Nd7 23. Bg3 Nf6 24. a3 Bxd2 25. Rxd2 e3 26. Qxe3 Bd5 27. Be5 Nd7 28. Qd3 Nxe5 29.
dxe5 b4 30. Qh7+ Kf8 31. Rd4 bxa3 32. Rf4+ Ke8 33. b4 Qb6 34. Qxg7 1-0

[Event "Late-Titled-Tuesday-Blitz-September-26-2023"]
[Site "Chess.com"]
[Date "2023.09.26"]
[Round "3"]
[White "cassoulet"]
[Black "ejalmedina"]
[Result "1-0"]
[WhiteElo "2750"]
[BlackElo "2313"]
[TimeControl "180+1"]
[EndTime "14:26:38 PDT"]
[Termination "cassoulet won on time"]

1. e4 e5 2. Nf3 Nc6 3. Bb5 a6 4. Ba4 Nf6 5. O-O Be7 6. d3 b5 7.
Bb3 d6 8. h3 Na5 9. Nc3 Nxb3 10. axb3 Bb7 11. Re1 O-O 12. d4 exd4 13. Nxd4 b4 14. Nd5 Nxd5 15. exd5 Bxd5 16. Nf5 Be6 17. Nxe7+ Qxe7 18. Qd3 a5 19. Qb5 Qd7 20. Rxa5 Qxb5 21. Rxb5 Rfb8 22. Rxb8+ Rxb8 23. Bd2 Bf5 24. c3 bxc3 25.
bxc3 c5 26. Bf4 Be6 27. Bxd6 Rxb3 28. Ra1 h5 29. Bxc5 Rxc3 30. Be3 Kh7 31. Kh2 Rc2 32.
Kg3 Rc4 33. Ra5 g6 34. Ra8 Re4 35. Rd8 Rc4 36. Bg5 Rc8 37. Rd6 Kg7 38. Be3 Ra8 39. Bd4+ Kf8 40. Bf6 Rc8 41. Kf4 Kg8 42. g4 hxg4 43.
hxg4 Rc4+ 44. Ke5 Rc5+ 45. Kd4 Rc4+ 46. Ke3 Rc8 47. f3 Ra8 48. Rd1 Kf8 49. Kf4 Bc4 50.
Rh1 1-0

[Event "Late-Titled-Tuesday-Blitz-September-26-2023"]
[Site "Chess.com"]
[Date "2023.09.26"]
[Round "3"]
[White "jinxy2009"]
[Black "Arteler"]
[Result "0-1"]
[WhiteElo "2297"]
[BlackElo "2568"]
[TimeControl "180+1"]
[EndTime "14:26:41 PDT"]
[Termination "Arteler won by resignation"]

1. e4 e6 2. d4 d5 3. e5 c5 4. c3 Qb6 5. Nf3 Nc6 6. Bd3 cxd4 7. O-O Bd7 8. Re1 Bc5 9. b4 Bf8 10. b5 Na5 11. Nxd4 Rc8 12. a4 Nc4 13. Nd2 Ne7 14. Nxc4 dxc4 15. Be4 Nd5 16. a5 Qd8 17. Bxd5 exd5 18. e6 fxe6 19. Nxe6 Bxe6 20. Rxe6+ Kf7 21. Qg4 h5 22. Qf5+ Kg8 23. Bg5 Qd7 24. Rae1 h4 25.
h3 d4 26. cxd4 c3 27. d5 Rh5 28. Qg6 Qf7 29. Qxf7+ Kxf7 30. Bc1 Rxd5 31. R6e4 Rxb5 32.
Rf4+ Kg8 33. Rxh4 Rxa5 34. Kh2 Ra1 35. Rhe4 Ba3 36. Bxa3 Rxa3 37. Re7 c2 38. Re8+ Rxe8 39. Rxe8+ Kf7 40. Rc8 Ra2 41. Rc7+ Ke6 42. Kg3 Kd6 43. Kf3 Kxc7 0-1

[Event "Late-Titled-Tuesday-Blitz-September-26-2023"]
[Site "Chess.com"]
[Date "2023.09.26"]
[Round "3"]
[White "Rutricks"]
[Black "Hrant_ChessMood"]
[Result "0-1"]
[WhiteElo "2669"]
[BlackElo "2915"]
[TimeControl "180+1"]
[EndTime "14:26:42 PDT"]
[Termination "Hrant_ChessMood won by resignation"]

1. e4 c6 2. d4 d5 3. exd5 cxd5 4. Bd3 Nf6 5. h3 Nc6 6. c3 g6 7. Nf3 Bf5 8. O-O Bxd3 9. Qxd3 e6 10. Nbd2 Bd6 11. Re1 O-O 12. Nf1 Re8 13. Bg5 Be7 14. Bxf6 Bxf6 15. Ne3 Rb8 16. b4 Qc7 17. Ng4 Bg7 18.
a4 Rec8 19. a5 Ne7 20. Rec1 Nf5 21. Nge5 Nd6 22. Rc2 Qd8 23. Re2 Rc7 24. a6 b6 25.
b5 Rbc8 26. Ra3 Qe8 27. Rb3 f6 28. Ng4 Ne4 29. Rxe4 dxe4 30. Qxe4 f5 31. Qf4 fxg4 32. Qxg4 Rxc3 33. Rb2 Qf7 34. Ng5 Qf5 35. Qh4 h6 36.
Nf3 g5 37. Qh5 Qf4 38. Re2 Rc1+ 39. Ne1 Qxd4 40. Rxe6 Rf8 41. Qe2 Qc3 42. g3 Rxe1+ 43. Qxe1 Qxe1+ 44. Rxe1 Bd4 45. Re7 Rxf2 46. Rd7 Bc5 47.
Kh1 Rf1+ 48. Kg2 Rf2+ 49. Kh1 Rf7 50. Rd8+ Kg7 51. Rb8 Bd6 52. Rd8 Bxg3 53. Kg2 Bf2 0-1

[Event "Late-Titled-Tuesday-Blitz-September-26-2023"]
[Site "Chess.com"]
[Date "2023.09.26"]
[Round "3"]
[White "DrCeltic"]
[Black "nitpicker"]
[Result "1-0"]
[WhiteElo "2438"]
[BlackElo "2243"]
[TimeControl "180+1"]
[EndTime "14:26:43 PDT"]
[Termination "DrCeltic won on time"]

1. e4 c5 2. Nf3 d6 3. d4 cxd4 4. Nxd4 Nf6 5. Nc3 Nc6 6. Bc4 Qb6 7. Nb3 e6 8. Be3 Qc7 9. Bd3 a6 10. f4 Be7 11. Qf3 Bd7 12. O-O-O O-O 13. g4 b5 14. g5 Ne8 15. Kb1 g6 16. h4 f5 17. h5 Rf7 18.
hxg6 hxg6 19. Qh3 Rg7 20. Qh8+ Kf7 21. exf5 exf5 22. Nd5 Qb7 23. Nxe7 Kxe7 24. Rde1 Kf7 25. Bd2 Nf6 26. Qxg7+ Kxg7 27. gxf6+ Kg8 28. f7+ Kf8 29.
Bc3 b4 30. Rh8+ Kxf7 31. Rh7+ Kf8 32. Bf6 d5 33. Nc5 Qc7 34. Nxd7+ Kg8 35. Rg7+ 1-0

[Event "Late-Titled-Tuesday-Blitz-September-26-2023"]
[Site "Chess.com"]
[Date "2023.09.26"]
[Round "3"]
[White "expii"]
[Black "KorolDimitriy75"]
[Result "0-1"]
[WhiteElo "2242"]
[BlackElo "2408"]
[TimeControl "180+1"]
[EndTime "14:26:43 PDT"]
[Termination "KorolDimitriy75 won by resignation"]

1. e4 c5 2. Nf3 d6 3. d4 cxd4 4. Nxd4 Nf6 5. Nc3 g6 6. g3 Nc6 7. Bg2 Nxd4 8. Qxd4 Bg7 9. O-O O-O 10. Qd1 Bg4 11. Qd3 Nd7 12. h3 Ne5 13. Qe3 Nc4 14. Qd3 Be6 15. Rb1 Rc8 16. Ne2 Ne5 17. Qd1 Bxa2 18. Ra1 Bc4 19. b3 Bxe2 20. Qxe2 Nf3+ 21.
Bxf3 Bxa1 22. Bf4 Bg7 23. Rd1 Qa5 24. Be3 a6 25. Bd4 Bxd4 26. Rxd4 Qc3 27. Rd2 Rc5 28. Qd3 Qxd3 29. cxd3 Rc3 0-1

[Event "Late-Titled-Tuesday-Blitz-September-26-2023"]
[Site "Chess.com"]
[Date "2023.09.26"]
[Round "3"]
[White "DuleMudule"]
[Black "Hikaru"]
[Result "0-1"]
[WhiteElo "2800"]
[BlackElo "3203"]
[TimeControl "180+1"]
[EndTime "14:26:45 PDT"]
[Termination "Hikaru won by resignation"]

1. d4 a6 2. e4 e6 3. Be3 d5 4.
e5 c5 5. c3 Qb6 6. Qd2 cxd4 7.
cxd4 Ne7 8. Bd3 Nbc6 9. Nc3 Bd7 10. Nf3 Rc8 11. O-O Na5 12. b3 Ng6 13. Na4 Bxa4 14.
bxa4 Nc4 15. Qc2 Rc6 16. Rab1 Qc7 17. Qb3 b6 18. Bxc4 dxc4 19. Qc2 Ne7 20. Ng5 Nd5 21.
Ne4 Be7 22. Bg5 O-O 23. Bxe7 Nxe7 24. Nd6 Rd8 25. Rfc1 Nc8 26. Nxc8 Qxc8 27. Qc3 Qd7 28. Rd1 h5 29. h4 Qd5 30. Rb4 Kf8 31. g3 Ke8 32. Rb2 Kd7 33. a5 b5 34. a4 Ke8 35.
axb5 axb5 36. Qb4 c3 37. Rc2 Qc4 38. Qb3 Qxb3 0-1

[Event "Late-Titled-Tuesday-Blitz-September-26-2023"]
[Site "Chess.com"]
[Date "2023.09.26"]
[Round "3"]
[White "micke12a"]
[Black "Horokoskii"]
[Result "0-1"]
[WhiteElo "2349"]
[BlackElo "2107"]
[TimeControl "180+1"]
[EndTime "14:26:45 PDT"]
[Termination "Horokoskii won on time"]

1. e4 c5 2. Nf3 d6 3. d4 cxd4 4. Qxd4 Nc6 5. Qe3 Nf6 6. h3 g6 7.
Be2 Bg7 8. O-O O-O 9. Rd1 Qb6 10. Qxb6 axb6 11. Nc3 Be6 12. Be3 b5 13. Bxb5 Nb4 14. Nd4 Rfc8 15. Nxe6 fxe6 16. Rd2 d5 17. e5 Ne4 18.
Nxe4 dxe4 19. c3 Nc6 20. Rd7 Nxe5 21. Rxe7 Kf8 22. Rxb7 Rab8 23. Rxb8 Rxb8 24. a4 Nd3 25. Ra2 Ke7 26. f3 Kd6 27. fxe4 Nc5 28. Bxc5+ Kxc5 29. Be2 Rd8 30. a5 Ra8 31. b4+ Kc6 32. c4 Bc3 33.
b5+ Kc5 34. b6 Kc6 35. c5 Rxa5 36. Rc2 Bd4+ 37. Kh2 Rxc5 38. Rd2 e5 39. Ra2 Kxb6 40. Bf3 Rc7 0-1

[Event "Late-Titled-Tuesday-Blitz-September-26-2023"]
[Site "Chess.com"]
[Date "2023.09.26"]
[Round "3"]
[White "Good_Knight_Kiss"]
[Black "IgorBjelobrk"]
[Result "1-0"]
[WhiteElo "2432"]
[BlackElo "2593"]
[TimeControl "180+1"]
[EndTime "14:26:49 PDT"]
[Termination "Good_Knight_Kiss won by checkmate"]

1. e4 e6 2. d4 d5 3. Nc3 Bb4 4. exd5 exd5 5. Bd3 Nc6 6. a3 Bxc3+ 7. bxc3 Nge7 8.
Qf3 Be6 9. Ne2 Qd7 10. h3 Bf5 11. Ng3 Bxd3 12. cxd3 O-O-O 13. O-O h6 14. Qxf7 Rdf8 15. Qh5 Nf5 16. Qg4 Rf7 17. Bf4 Rhf8 18. Nxf5 Rxf5 19. Bg3 h5 20. Qe2 Re8 21. Qd1 Qf7 22. Re1 Rf8 23.
Qe2 g5 24. f3 g4 25. fxg4 hxg4 26. h4 Qh5 27. Rab1 Kb8 28. Qe6 R5f6 29. Qd7 Rc8 30. Bxc7+ Rxc7 31. Re8+ Qxe8 32. Qxe8+ Rc8 33. Qd7 Rc7 34. Qxd5 Rg7 35. Rf1 Rfg6 36. Rf8+ Kc7 37. Rf7+ Kb6 38. Qc5+ Ka6 39. Qc4+ Kb6 40. Qb3+ Ka5 41.
Qxb7 Rg8 42. Rf5+ Ka4 43. Qb5+ Kxa3 44. Rf1 Ka2 45. Qb1+ Ka3 46. Rf2 Rb8 47. Ra2# 1-0